 Dungeon Crawl Stone Soup version 0.22-a0-161-g198051cff3 (console) character file.

746 Muffindrake the Covert (level 7, 0/51 HPs)
             Began as a Vampire Assassin on Feb 11, 2018.
             Was an Initiate of Dithmenos.
             Succumbed to a worker ant's poison
             ... on level 4 of the Dungeon.
             The game lasted 00:29:59 (4162 turns).

Muffindrake the Covert (Vampire Assassin)           Turns: 4162, Time: 00:29:59

Health: 0/51       AC:  4    Str: 10    XL:     7   Next: 48%
Magic:  3/7        EV: 14    Int: 13    God:    Dithmenos [......]
Gold:   304        SH:  0    Dex: 18    Spells: 5/6 levels left

rFire    . . .     SeeInvis +   s - +0 rapier
rCold    . . .     Gourm    .   (no shield)
rNeg     . . .     Faith    .   c - +0 robe
rPois    .         Spirit   +   (no helmet)
rElec    .         Reflect  .   d - +0 cloak
rCorr    .         Harm     .   (no gloves)
MR       +....                  o - +0 pair of boots
Stlth    +++++.....             i - amulet of guardian spirit
HPRegen  0.37/turn              n - ring of stealth
MPRegen  0.10/turn              j - ring of protection from magic

@: lethally poisoned (0 -> -9), regenerating quickly
A: fangs 3, see invisible, unbreathing
a: Renounce Religion


You were on level 4 of the Dungeon.
You worshipped Dithmenos.
Dithmenos was noncommittal.
You were full.

You visited 2 branches of the dungeon, and saw 5 of its levels.

You collected 304 gold pieces.

Inventory:

Hand Weapons
 a - a +2 dagger
 b - a +0 blowgun
 s - a +0 rapier (weapon)
 t - a +2 quarterstaff of chaos
Missiles
 e - 20 poisoned needles (quivered)
 v - 2 curare-tipped needles
 x - 2 needles of sleeping
Armour
 c - a +0 robe (worn)
 d - a +0 cloak (worn)
 o - a +0 pair of boots (worn)
 u - a +0 cloak
Jewellery
 h - an uncursed ring of fire
 i - an amulet of guardian spirit (around neck)
 j - a ring of protection from magic (right hand)
 n - a ring of stealth (left hand)
Wands
 f - a wand of digging (10)
 r - a wand of enslavement (8)
Scrolls
 k - 3 scrolls of noise
 l - 3 scrolls of teleportation
 p - 5 scrolls of identify
 q - a scroll of amnesia
 w - 2 scrolls of fog
Potions
 g - 16 potions of blood
 m - a potion of cancellation
Books
 y - a book of Necromancy

   Spells                             Type                      Level
   a - Pain                           Necromancy                   1
   b - Animate Skeleton               Necromancy                   1
   c - Vampiric Draining              Necromancy                   3
   d - Regeneration                   Charms/Necromancy            3
   e - Animate Dead                   Necromancy                   4


   Skills:
 + Level 2.6 Fighting
 * Level 6.0 Short Blades
 + Level 1.9 Throwing
 * Level 3.6 Dodging
 * Level 9.7 Stealth


You had 5 spell levels left.
You knew the following spells:

 Your Spells              Type           Power        Failure   Level  Hunger
a - Animate Skeleton      Necr           N/A          30%         1    ##.....


Dungeon Overview and Level Annotations

Branches:
Dungeon (4/15)             Temple (1/1) D:4

Altars:
Ashenzari
Dithmenos
Elyvilon
Gozag
Hepliaklqana
Kikubaaqudgha
Makhleb
Nemelex Xobeh
Okawaru
Qazlal
Sif Muna
Trog
Uskayaw
Xom
Yredelemnul
Zin
The Shining One

Annotations:
D:3 Perturabo's ghost, amateur DsGl


Innate Abilities, Weirdness & Mutations

Your natural rate of healing is unusually fast.
You have razor-sharp teeth.
You have supernaturally acute eyesight. (SInv)
You can survive without breathing.


Message History

You feel sick. The worker ant completely misses you.
You hit the worker ant but do no damage.
The worker ant is almost dead.
* * * LOW HITPOINT WARNING * * *
You feel sick. The worker ant completely misses you.
The worker ant barely misses you.
You barely miss the worker ant.
The worker ant is almost dead.
* * * LOW HITPOINT WARNING * * *
You feel sick. The worker ant misses you.
You puncture the worker ant!
You kill the worker ant!
Dithmenos accepts your kill.
Your Short Blades skill increases to level 6!
* * * LOW HITPOINT WARNING * * *
You feel sick.
You feel magically purged.
* * * LOW HITPOINT WARNING * * *
You feel sick.
Yummy - fresh blood!
You die...

#### ##.....
###########...#
##......##...#
##........#@###
#...........# #...........#
#.........."# ##.#
#...........#####....
######....................
#.........................
..........................
.........................
.....................#.....
.................#..##....#


There were no monsters in sight!

Vanquished Creatures
  Grinder (D:3)
  2 ogres (D:4)
  A scorpion (D:4)
  A bullfrog skeleton (D:4)
  Crazy Yiuf (D:2)
  Natasha (thrice) (D:2)
  An orc wizard (D:4)
  3 worker ants
  6 adders
  2 worms (D:3)
  A dart slug (D:1)
  5 leopard geckos
  6 orcs
  A giant cockroach (D:2)
  10 goblins
  11 hobgoblins
  4 jackals (D:3)
  4 bats
  4 frilled lizards (D:1)
  A jackal skeleton (D:4)
  7 kobolds
  4 rats
79 creatures vanquished.

Vanquished Creatures (collateral kills)
  A frilled lizard (D:3)
1 creature vanquished.

Vanquished Creatures (others)
  A quokka (D:3)
1 creature vanquished.

Grand Total: 81 creatures vanquished

Notes
Turn   | Place    | Note
-------+----------+-------------------------------------------
     0 | D:1      | Muffindrake the Vampire Assassin began the quest for the Orb.
     0 | D:1      | Reached XP level 1. HP: 16/16 MP: 1/1
    66 | D:1      | Reached skill level 6 in Stealth
   104 | D:1      | Reached XP level 2. HP: 15/22 MP: 2/2
   216 | D:1      | Reached skill level 7 in Stealth
   583 | D:1      | Reached XP level 3. HP: 27/27 MP: 3/3
  1349 | D:2      | Noticed Natasha
  1351 | D:2      | Killed Natasha
  1351 | D:2      | Reached XP level 4. HP: 33/33 MP: 4/4
  1365 | D:2      | Noticed Natasha
  1366 | D:2      | Killed Natasha
  1427 | D:2      | Noticed Natasha
  1446 | D:2      | Killed Natasha
  1698 | D:2      | Reached XP level 5. HP: 38/38 MP: 5/5
  1779 | D:2      | Found an opulent altar of Gozag.
  1780 | D:2      | Found a glowing silver altar of Zin.
  1965 | D:2      | Found a runed door.
  2102 | D:2      | Noticed Crazy Yiuf
  2112 | D:2      | Killed Crazy Yiuf
  2112 | D:2      | Reached skill level 8 in Stealth
  2288 | D:3      | Noticed Perturabo's ghost (amateur DsGl)
  2312 | D:3      | Found a white marble altar of Elyvilon.
  2312 | D:3      | Noticed Grinder
  2366 | D:3      | Killed Grinder
  2366 | D:3      | Reached skill level 9 in Stealth
  2366 | D:3      | Reached XP level 6. HP: 37/44 MP: 6/6
  2622 | D:3      | Learned a level 1 spell: Animate Skeleton
  2882 | D:3      | HP: 1/44 [Perturabo's ghost (8)]
  3170 | D:4      | Reached skill level 5 in Short Blades
  3171 | D:4      | Found a staircase to the Ecumenical Temple.
  3195 | D:4      | Reached XP level 7. HP: 30/51 MP: 4/7
  3417 | D:4      | Found a hazy altar of Hepliaklqana.
  3492 | D:4      | Found a deep blue altar of Sif Muna.
  3972 | Temple   | Entered the Ecumenical Temple
  4078 | Temple   | Became a worshipper of Dithmenos the Shadowed
  4160 | D:4      | HP: 2/51 [poisoned by a worker ant]
  4162 | D:4      | Succumbed to a worker ant's poison

Vault maps used:
D:1:      dpeg_arrival_tiny_g
D:2:      grunt_temple_overflow_gold_and_silver, uniq_natasha,
          uniq_crazy_yiuf_cottage
D:3:      elyvilon_altar_4, uniq_grinder
D:4:      lemuel_doored_altar, lemuel_coloured_pillars_altar, temple_statues,
          first_ration, minmay_item_behind_shaft, grunt_ministairs_12
Temple:   minmay_temple_bridge_abc

Skill      XL: |  1  2  3  4  5  6  7 |
---------------+----------------------+-----
Stealth        | 6 7 9 |  9.7
Dodging        | 2 3 |  3.6
Short Blades   | 3 4 5 6 |  6.0
Fighting       | 2 |  2.6
Throwing       | |  1.9

Action                   |  1- 3 |  4- 6 |  7- 9 || total
-------------------------+-------+-------+-------++-------
Melee: Dagger            |   122 |    29 |       ||   151
       Bite              |     8 |    18 |     9 ||    35
       Rapier            |       |    95 |    64 ||   159
 Fire: Blowgun           |       |     7 |       ||     7
Evoke: Wand              |       |     1 |       ||     1
  Use: Scroll            |     6 |     2 |       ||     8
       Potion            |     8 |    10 |     8 ||    26
 Stab: Sleeping          |     6 |    10 |     5 ||    21
       Distracted        |       |     2 |       ||     2
Armor: Robe              |    20 |    15 |     3 ||    38
Dodge: Dodged            |    75 |    73 |    35 ||   183

Table legend:
 A = Spawn XP
 B = Non-spawn XP
 C = Spawn XP percentage of total XP
 D = Spawn monster count
 E = Non-spawn monster count
 F = Spawn count percentage of total count
 G = Total turns spent on level
                    A         B        C        D         E        F      G
               +---------+---------+-------+---------+---------+-------+---------
         Total |       0 |    1067 |   0.0 |       0 |      80 |   0.0 |  4162
               +---------+---------+-------+---------+---------+-------+---------
           D:1 |       0 |      46 |   0.0 |       0 |      25 |   0.0 |   802
           D:2 |       0 |     192 |   0.0 |       0 |      20 |   0.0 |  1381
           D:3 |       0 |     324 |   0.0 |       0 |      19 |   0.0 |   895
           D:4 |       0 |     505 |   0.0 |       0 |      16 |   0.0 |   953
               +---------+---------+-------+---------+---------+-------+---------
